 Dungeon Crawl Stone Soup version 0.20-a0-823-gdec668e (webtiles) character file.

180 Duskembrace the Vexing (level 5, -2/35 HPs)
             Began as a Vampire Enchanter on Mar 5, 2017.
             Slain by a gnoll
             ... wielding a +0 club
              (4 damage)
             ... on level 4 of the Dungeon.
             The game lasted 00:09:48 (2576 turns).

Duskembrace the Vexing (Vampire Enchanter)          Turns: 2576, Time: 00:09:49

Health: -2/35      AC:  3    Str:  7    XL:     5   Next: 33%
Magic:  4/19       EV: 12    Int: 19    God:
Gold:   138        SH:  0    Dex: 14    Spells: 1/10 levels left

rFire    . . .     SeeInvis +   r - +3 dagger (venom)
rCold    + + .     Gourm    .   b - +0 robe
rNeg     + + +     Faith    .   (no shield)
rPois    ∞         Spirit   .   l - +0 helmet
rElec    .         Reflect  .   (no cloak)
rCorr    .         Harm     .   (no gloves)
MR       .....                  (no boots)
Stlth    +++++.....             (no amulet)
Regen    0.0/turn               t - ring of magical power
MPRegen  0.2/turn               k - ring of flight

@: very slightly contaminated, bloodless, non-regenerating
A: fangs 3, see invisible, unbreathing
a: Bat Form, Evoke Flight


You were on level 4 of the Dungeon.
You were bloodless.

You visited 1 branch of the dungeon, and saw 4 of its levels.

You collected 138 gold pieces.

Inventory:

Hand Weapons
 a - a +1 dagger
 r - a +3 dagger of venom (weapon)
Armour
 b - a +0 robe (worn)
 l - a +0 helmet (worn)
 s - a +0 pair of gloves
Jewellery
 k - a ring of flight (left hand)
 o - an uncursed ring of fire
 t - a ring of magical power (right hand)
Scrolls
 f - 3 scrolls of remove curse {unknown}
 g - 4 scrolls of fear {unknown}
 i - 2 scrolls of amnesia {unknown}
 j - 5 scrolls of identify {unknown}
 m - 3 scrolls of teleportation {unknown}
 n - 3 scrolls of fog {unknown}
 p - a scroll of enchant weapon {unknown}
Potions
 d - 17 potions of blood
 e - a potion of berserk rage {unknown}
 h - a potion of flight {unknown}
 q - 2 potions of curing {unknown}
 u - a potion of brilliance {unknown}
Books
 c - a book of Maledictions

   Spells                             Type                      Level
   a - Corona                         Hexes                        1
   b - Ensorcelled Hibernation        Hexes/Ice                    2
   c - Confuse                        Hexes                        3
   d - Tukima's Dance                 Hexes                        3
   e - Dazzling Spray                 Conjuration/Hexes            3


   Skills:
 - Level 2.6 Short Blades
 - Level 2.1 Dodging
 + Level 5.1 Stealth
 - Level 3.3 Spellcasting
 * Level 6.1 Hexes
 - Level 1.0 Ice Magic


You had one spell level left.
You knew the following spells:

 Your Spells              Type           Power        Failure   Level  Hunger
a - Corona                Hex            ####...      1%          1    None
b - Ensorcelled Hibernat  Hex/Ice        ###...       8%          2    ##.....
c - Confuse               Hex            ####....     4%          3    ###....
d - Tukima's Dance        Hex            ####....     4%          3    ###....


Dungeon Overview and Level Annotations

Branches:
Dungeon (4/15)
 Temple: D:4-7

Altars:
Wu Jian
Xom
Zin


Innate Abilities, Weirdness & Mutations

You do not heal naturally.
You are immune to poison.
You have razor-sharp teeth.
You have supernaturally acute eyesight. (SInv)
You can survive without breathing.


Message History

Casting: Tukima's Dance
Confirm with . or Enter, or press ? or * to list all spells.
Aiming: Tukima's Dance
Press: ? - help, Shift-Dir - straight line, f - gnoll, p - gnoll
Aim: a gnoll, wielding a club (chance to defeat MR: 74%)
The gnoll struggles to resist.
The gnoll hits you from afar with a halberd.
* * * LOW HITPOINT WARNING * * *
Your spear hits the gnoll.
The gnoll dies!
Found an escape hatch in the floor.
Your spear falls from the air.
Casting: Tukima's Dance
Confirm with . or Enter, or press ? or * to list all spells.
Aiming: Tukima's Dance
Press: ? - help, Shift-Dir - straight line, f - gnoll, p - gnoll
Aim: a gnoll, wielding a halberd (chance to defeat MR: 74%)
The halberd dances into the air!
The gnoll hits you with a club.
You die...

....# ....# #.# ....# #.#
############### ....# #.#
#..$........... ....###.#
#.....@........ .....##.#
#.....g........
........###..(..g........
####.....................
............?.[...>......
......).....#############
..........### ..........#
.)..........


You could see 2 gnolls and a friendly halberd.

Vanquished Creatures
  An orc wizard (D:4)
  Terence (D:2)
  Robin (D:2)
  A gnoll (D:4)
  3 adders (D:2)
  A worm (D:2)
  3 dart slugs
  2 leopard geckos (D:2)
  5 orcs
  7 bats
  5 giant cockroaches
  8 goblins
  8 hobgoblins
  5 kobolds
  2 quokkas (D:3)
  3 frilled lizards
  2 rats
58 creatures vanquished.

Vanquished Creatures (collateral kills)
  A gnoll (D:4)
1 creature vanquished.

Vanquished Creatures (others)
  An adder (D:3)
1 creature vanquished.

Grand Total: 60 creatures vanquished

Notes
Turn   | Place    | Note
-------+----------+-------------------------------------------
     0 | D:1      | Duskembrace the Vampire Enchanter began the quest for the Orb.
     0 | D:1      | Reached XP level 1. HP: 13/13 MP: 3/3
   150 | D:1      | Reached XP level 2. HP: 14/19 MP: 3/5
   268 | D:1      | Learned a level 2 spell: Ensorcelled Hibernation
   527 | D:2      | Noticed Robin
   536 | D:2      | Killed Robin
   536 | D:2      | Reached XP level 3. HP: 18/24 MP: 2/7
   823 | D:2      | Noticed Terence
   855 | D:2      | Killed Terence
   861 | D:2      | Learned a level 3 spell: Confuse
  1136 | D:2      | Reached XP level 4. HP: 30/30 MP: 6/9
  1141 | D:2      | Learned a level 3 spell: Tukima's Dance
  1437 | D:2      | Reached skill level 1 in Ice Magic
  1575 | D:2      | Reached skill level 5 in Hexes
  1885 | D:3      | Found a shimmering altar of Xom.
  1885 | D:3      | Noticed an angel
  1886 | D:3      | Found a glowing silver altar of Zin.
  2239 | D:3      | Found an ornate altar of the Wu Jian Council.
  2505 | D:4      | Reached XP level 5. HP: 35/35 MP: 10/10
  2507 | D:4      | Reached skill level 5 in Stealth
  2520 | D:4      | Reached skill level 6 in Hexes
  2576 | D:4      | Slain by a gnoll

Vault maps used:
D:1:      dpeg_arrival_connections
D:2:      uniq_robin, uniq_terence
D:3:      grunt_temple_overflow_order_and_chaos_1, lemuel_doored_altar,
          first_bread, serial_bayou_pond_a, minmay_misc_feat_chi
D:4:      serial_park_tiny_pond

Skill      XL: |  1  2  3  4  5 |
---------------+----------------+-----
Spellcasting   | 3 |  3.3
Short Blades   | 2 |  2.6
Ice Magic      | 1 |  1.0
Hexes          | 5 6 |  6.1
Stealth        | 5 |  5.1
Dodging        | |  2.1

Action                   |  1- 3 |  4- 6 || total
-------------------------+-------+-------++-------
Melee: Dagger            |    83 |    72 ||   155
       Bite              |    11 |     4 ||    15
 Cast: Corona            |     5 |       ||     5
       Ensorcelled Hiber |    12 |    14 ||    26
       Tukima's Dance    |       |     3 ||     3
  Use: Potion            |     1 |       ||     1
 Stab: Sleeping          |    15 |    18 ||    33
Armor: Robe              |    10 |    10 ||    20
Dodge: Dodged            |    46 |    39 ||    85
